 Zot Defence DCSS version 0.15.2 (webtiles) character file.

127 Adamkad1 the Fey Demonspawn (level 4, -1/34 HPs)
             Began as a Demonspawn Death Knight on Jan 8, 2019.
             Was a Believer of Yredelemnul.
             Slain by a rat (3 damage)
             ... in the Realm of Zot (Scenario IV: Columnade).
             The game lasted 00:02:57 (506 turns).

Adamkad1 the Fey Demonspawn (DsDK)                   Turns: 506, Time: 00:02:57

HP  -1/34        AC  3     Str 14      XL: 4   Next: 85%
MP   8/8         EV 11     Int 13      God: Yredelemnul [**....]
Gold 0           SH  0     Dex 12      Spells:  0 memorised,  3 levels left

rFire  + . .     SeeInvis .       - Unarmed
rCold  . . .     Clarity  .     b - +0 leather armour
rNeg   . . .     rCorr    .     (no shield)
rPois  .         rRot     .     (no helmet)
rElec  .         Spirit   .     (no cloak)
SustAb .         Warding  .     (no gloves)
rMut   .         Stasis   .     (no boots)
Gourm  .                        (no amulet)
MR     .....                    (no ring)
                                (no ring)

@: exhausted, slowed, very slow, not resistant to hostile enchantments, very
unstealthy
A: claws 1, fire resistance 1
a: Make oklob sapling, Make arrow trap, Make plant, Remove Curse, Animate
Remains, Recall Undead Slaves, Injury Mirror, Renounce Religion


You were in the Realm of Zot.
You worshipped Yredelemnul.
Yredelemnul was pleased with you.
You were not hungry.

You visited 1 branch

Inventory:

Hand weapons
 a - a +1 mace
Armour
 b - a +0 leather armour (worn)
Comestibles
 d - a bread ration
Scrolls
 i - a scroll of blinking
Potions
 c - a potion of curing
 f - a potion of haste
 g - 2 potions of magic


   Skills:
 + Level 2.5 Fighting
 - Level 2.0 Maces & Flails
 * Level 1.9 Armour
 + Level 1.3 Dodging
 * Level 1.5 Unarmed Combat
 * Level 5.2 Invocations


You had 3 spell levels left.
You didn't know any spells.

Dungeon Overview and Level Annotations

Branches:
    Zot (1/1)

Altars:


Innate Abilities, Weirdness & Mutations

You have sharp fingernails.
Your flesh is heat resistant.


Message History

You barely miss the ooze.
The ooze is severely wounded.
The rat barely misses you. x2
The ooze hits you but does no damage.
Unknown command.
You scratch the ooze.
The ooze is almost dead.
The rat closely misses you. The ooze hits you.
* * * LOW HITPOINT WARNING * * *
The rat bites you.
* * * LOW HITPOINT WARNING * * *
You scratch the ooze.
You kill the ooze!
Yredelemnul accepts your kill. The rat bites you.
* * * LOW HITPOINT WARNING * * *
Unknown command.
You closely miss the rat. The rat bites you.
You die...
Your body rises from the dead as a mindless zombie.

▓▓▓▓▓▓▓▓▓ ▓▓▓▓▓ ▓▓.......▓▓
▓▓▓▓▓ ▓∆∆∆▓ ▓▓.........▓▓ ▓∆∆∆▓
▓∆∆∆▓▓ ▓....r......▓ ▓▓∆∆∆▓
▓▓▓▓▓▓▓▓▓▓....)@)....▓▓▓▓▓▓▓▓▓▓
▓▓.......(....(........▓▓
▓......)........).....▓
▓...▓▓▓▓.......▓▓▓▓...▓
▓▓...▓▓▓▓.....▓▓▓▓...▓▓
▓▓...▓▓▓▓...▓▓▓▓...▓▓
▓▓...▓▓▓▓▓▓▓▓▓...▓▓ ▓▓...▓▓
▓▓...▓▓ ▓▓...▓▓ ▓▓...▓▓


You could see a rat.

Vanquished Creatures
  A worker ant (Zot)
  A shadow imp (Zot)
  2 oozes (Zot)
  2 bats (Zot)
  2 ball pythons (Zot)
  A giant newt (Zot)
  3 goblins (Zot)
  A goblin zombie (Zot)
  8 kobolds (Zot)
  4 rats (Zot)
25 creatures vanquished.

Vanquished Creatures (collateral kills)
  2 oozes (Zot)
  A goblin (Zot)
  A jackal (Zot)
  A ball python (Zot)
  A giant newt (Zot)
  A kobold (Zot)
  2 rats (Zot)
9 creatures vanquished.

Vanquished Creatures (others)
  2 giant newt zombies (Zot)
  2 goblin zombies (Zot)
  2 kobold zombies (Zot)
  A rat zombie (Zot)
7 creatures vanquished.

Grand Total: 41 creatures vanquished

Notes
Turn   | Place    | Note
--------------------------------------------------------------
     0 | Zot      | Adamkad1, the Demonspawn Death Knight, began the quest for the Orb.
     0 | Zot      | Reached XP level 1. HP: 16/16 MP: 2/2
   260 | Zot      | Reached skill level 4 in Invocations
   270 | Zot      | Gained mutation: Your flesh is heat resistant. [demonic ancestry]
   270 | Zot      | Reached XP level 2. HP: 6/22 MP: 2/4
   283 | Zot      | Reached skill level 1 in Armour
   323 | Zot      | Gained mutation: You have sharp fingernails. [demonic ancestry]
   323 | Zot      | Reached XP level 3. HP: 7/27 MP: 3/6
   364 | Zot      | Reached skill level 1 in Dodging
   465 | Zot      | Reached skill level 1 in Unarmed Combat
   486 | Zot      | Reached skill level 5 in Invocations
   486 | Zot      | Reached XP level 4. HP: 4/34 MP: 6/8
   489 | Zot      | Acquired Yredelemnul's second power
   489 | Zot      | HP: 1/34 [poisoned by Kunwyhif]
   506 | Zot      | Slain by a rat

Action                   |  1- 3 |  4- 6 || total
-------------------------+-------+-------++-------
Melee: Mace              |    30 |       ||    30
       Unarmed           |    34 |    18 ||    52
Invok: Animate Remains   |     9 |       ||     9
  Use: Potion            |     2 |     2 ||     4
